 Dungeon Crawl Stone Soup version 0.21.1-1-g345015fe64 (webtiles) character file.

247 P0ring the Cudgeler (level 5, 0/48 HPs)
             Began as a Minotaur Berserker on May 1, 2018.
             Was a Priest of Trog.
             Slain by a crocodile (16 damage)
             ... in a sewer.
             The game lasted 00:05:21 (2355 turns).

P0ring the Cudgeler (Minotaur Berserker)            Turns: 2355, Time: 00:05:22

Health: 0/48       AC:  5    Str: 22    XL:     5   Next: 85%
Magic:  4/4        EV: 11    Int:  4    God:    Trog [***...]
Gold:   71         SH:  3    Dex: 10    Spells: 4/4 levels left

rFire    . . .     SeeInvis .   a - +0 mace
rCold    + . .     Gourm    .   p - +0 buckler
rNeg     . . .     Faith    .   l - +0 ring mail
rPois    +         Spirit   .   (helmet restricted)
rElec    .         Reflect  .   (no cloak)
rCorr    .         Harm     .   (no gloves)
MR       .....                  (no boots)
Stlth    +.........             (no amulet)
HPRegen  0.16/turn              i - ring of protection from cold
MPRegen  0.09/turn              j - ring of poison resistance

@: no status effects
A: retaliatory headbutt, horns 2
a: Berserk, Trog's Hand, Burn Spellbooks, Renounce Religion


You were in a sewer.
You worshipped Trog.
Trog was most pleased with you.
You were not hungry.

You visited 1 branch of the dungeon, and saw 3 of its levels.
You also visited: Sewer.

You collected 71 gold pieces.

Inventory:

Hand Weapons
 a - a +0 mace (weapon)
Armour
 b - a +0 animal skin
 l - a +0 ring mail (worn)
 p - a +0 buckler (worn)
Jewellery
 i - a ring of protection from cold (left hand)
 j - a ring of poison resistance (right hand)
 q - a +4 ring of dexterity {unknown}
Scrolls
 e - 2 scrolls of immolation {unknown}
 f - 2 scrolls of fog {unknown}
 m - a scroll of amnesia {unknown}
 o - a scroll of teleportation {unknown}
Potions
 d - a potion of cancellation {unknown}
 g - 2 potions of brilliance {unknown}
 h - 2 potions of lignification {unknown}
 k - a potion of haste {unknown}
 n - a potion of heal wounds {unknown}
 s - a potion of degeneration {unknown}
Comestibles
 c - 3 rations
 r - 2 chunks of flesh


   Skills:
 + Level 5.2 Fighting
 * Level 5.8 Maces & Flails
 + Level 3.1 Armour
 + Level 3.3 Dodging
 - Level 0.8 Stealth


You had 4 spell levels left.
You didn't know any spells.

Dungeon Overview and Level Annotations

Branches:
Dungeon (3/15)

Altars:
Makhleb


Innate Abilities, Weirdness & Mutations

You reflexively headbutt those who attack you in melee.
You have a pair of horns on your head.


Message History

Found 11 gold pieces and a scroll labeled PIET MYUXE.
The crocodile bites you!
Found 12 gold pieces.
You barely miss the crocodile.
The crocodile bites you but does no damage.
You barely miss the crocodile. You headbutt the crocodile.
The crocodile is lightly wounded.
The crocodile bites you!
You are too injured to fight recklessly!
You are too injured to fight recklessly!
You are too injured to fight recklessly!
You are too injured to fight recklessly!
You are too injured to fight recklessly!
You hit the crocodile but do no damage.
The crocodile is lightly wounded.
You block the crocodile's attack.
You closely miss the crocodile. Your headbutt misses the crocodile.
The crocodile is lightly wounded.
The crocodile bites you!
You die...

### ## ## ...##
#?$ ###.. .≈≈≈.###
$≈##... #.≈.≈.###
###≈..≈. #≈..≈.##
#.≈≈.≈≈## ##...≈..
#≈≈.≈≈###
###.....##
#t@.≈.####≈.≈..###
###.....≈≈...###
###.≈..≈.###
########


You could see a crocodile.

Vanquished Creatures
  A hound (D:3)
  3 iron imps (D:3)
  2 adders (D:2)
  2 oozes
  3 worms
  A dart slug (D:1)
  9 leopard geckos
  2 ball pythons (D:2)
  11 giant cockroaches
  7 goblins
  9 hobgoblins
  2 jackals (Sewer)
  9 bats
  4 frilled lizards
  14 kobolds
  6 rats
85 creatures vanquished.

Vanquished Creatures (others)
  4 toadstools (D:1)
4 creatures vanquished.

Grand Total: 89 creatures vanquished

Notes
Turn   | Place    | Note
-------+----------+-------------------------------------------
     0 | D:1      | P0ring the Minotaur Berserker began the quest for the Orb.
     0 | D:1      | Reached XP level 1. HP: 19/19 MP: 0/0
    29 | D:1      | Reached XP level 2. HP: 25/27 MP: 1/1
   529 | D:1      | Reached XP level 3. HP: 33/33 MP: 2/2
   590 | D:1      | Reached ** piety under Trog
  1286 | D:2      | Reached XP level 4. HP: 33/41 MP: 3/3
  1672 | D:2      | Reached skill level 5 in Maces & Flails
  1843 | D:2      | Reached *** piety under Trog
  1995 | D:3      | Found a faded altar of an unknown god.
  2007 | D:3      | Reached XP level 5. HP: 47/47 MP: 4/4
  2082 | D:3      | Found a burning altar of Makhleb.
  2134 | D:3      | Reached skill level 5 in Fighting
  2279 | D:3      | Found a glowing drain.
  2298 | Sewer    | Entered a sewer
  2349 | Sewer    | Noticed a crocodile
  2355 | Sewer    | Slain by a crocodile

Skill      XL: |  1  2  3  4  5 |
---------------+----------------+-----
Maces & Flails | 4 5 |  5.8
Fighting       | 4 5 |  5.2
Dodging        | 3 |  3.3
Armour         | 3 |  3.1
Stealth        | |  0.8

Action                   |  1- 3 |  4- 6 || total
-------------------------+-------+-------++-------
Melee: Mace              |    88 |   108 ||   196
       Headbutt          |    12 |    24 ||    36
 Stab: Sleeping          |     1 |     1 ||     2
  Eat: Chunk             |     1 |     4 ||     5
Armor: Animal skin       |    12 |    16 ||    28
       Ring mail         |       |    12 ||    12
Dodge: Dodged            |    76 |    56 ||   132
Block: Buckler           |       |     4 ||     4
